 Dungeon Crawl Stone Soup version 0.21.1-1-g345015fe64 (webtiles) character file.

3586 Brecoman the Martial Artist (level 9, 0/75 HPs)
             Began as a Red Draconian Transmuter on June 19, 2018.
             Was a Priest of Makhleb.
             Slain by a spiny frog (18 damage)
             ... on level 1 of the Lair of Beasts.
             The game lasted 00:53:20 (8981 turns).

Brecoman the Martial Artist (DrTm)                  Turns: 8981, Time: 00:53:21

Health: 0/75       AC:  8    Str: 13    XL:     9   Next: 85%
Magic:  11/16      EV: 12    Int: 14    God:    Makhleb [***...]
Gold:   326        SH:  0    Dex: 14    Spells: 7/18 levels left

rFire    + . .     SeeInvis +     - Unarmed
rCold    + . .     Gourm    .   (shield currently unavailable)
rNeg     . . .     Faith    .   (armour unavailable)
rPois    .         Spirit   .   (helmet restricted)
rElec    .         Reflect  .   (no cloak)
rCorr    .         Harm     .   (gloves currently unavailable)
MR       .....                  r - +0 pair of boots
Stlth    ++........             (no amulet)
HPRegen  0.22/turn              H - ring of protection from cold
MPRegen  0.15/turn              D - ring of see invisible

@: lethally poisoned (0 -> -12), blade hands
A: breathe fire, unfitting armour, fire resistance 1, cold-blooded, AC +7
a: Breathe Fire, End Transformation, Minor Destruction, Lesser Servant of
Makhleb, Renounce Religion


You were on level 1 of the Lair of Beasts.
You worshipped Makhleb.
Makhleb was most pleased with you.
You were not hungry.
You had blades for hands.
You visited 2 branches of the dungeon, and saw 9 of its levels.
You also visited: Sewer.

You collected 326 gold pieces.

Inventory:

Missiles
 a - 170 arrows
 g - 339 stones
 l - 6 tomahawks
 z - 2 tomahawks of returning (quivered)
Armour
 i - a +1 pair of gloves (melded)
 r - a +0 pair of boots (worn)
Jewellery
 m - an uncursed ring of flight
 v - an uncursed ring of resist corrosion
 D - a ring of see invisible (right scythe-like blade)
 H - a ring of protection from cold (left scythe-like blade)
Wands
 k - a wand of disintegration (14)
 w - a wand of digging (13)
 A - a wand of enslavement (11)
 G - a wand of iceblast (8)
Scrolls
 f - a scroll of magic mapping
 j - 3 scrolls of enchant armour
 o - a scroll of amnesia
 t - 3 scrolls of teleportation
 x - 4 scrolls of immolation
 y - a scroll of fear
 I - a scroll of remove curse
Potions
 d - 4 potions of flight
 e - 2 potions of lignification
 h - a potion of degeneration
 n - a potion of ambrosia
 p - 7 potions of curing
 q - 3 potions of might
 s - a potion of magic
 u - a potion of berserk rage
 C - 2 potions of haste
 E - 2 potions of invisibility {unknown}
 F - a potion of heal wounds
 J - a potion of brilliance
 K - a potion of agility {unknown}
Books
 b - a book of Changes

   Spells                             Type                      Level
   a - Beastly Appendage              Transmutation                1
   b - Sticks to Snakes               Transmutation                2
   c - Spider Form                    Transmutation/Poison         3
   d - Ice Form                       Ice/Transmutation            4
   e - Blade Hands                    Transmutation                5
 B - a book of Misfortune

   Spells                             Type                      Level
   a - Confusing Touch                Hexes                        1
   b - Confuse                        Hexes                        3
   c - Gell's Gravitas                Translocation                3
   d - Petrify                        Transmutation/Earth          4
   e - Metabolic Englaciation         Hexes/Ice                    5
   f - Yara's Violent Unravelling     Hexes/Transmutation          5
Comestibles
 c - 2 rations
 L - 6 chunks of flesh


   Skills:
 + Level 5.7 Fighting
 - Level 2.2 Dodging
 - Level 0.5 Stealth
 * Level 8.3 Unarmed Combat
 + Level 5.3 Spellcasting
 * Level 7.7 Transmutations
   Level 1.2 Ice Magic
 + Level 4.3 Poison Magic


You had 7 spell levels left.
You knew the following spells:

 Your Spells              Type           Power        Failure   Level  Hunger
a - Beastly Appendage     Tmut           ####..       13%         1    None
b - Sticks to Snakes      Tmut           ####....     16%         2    ##.....
c - Spider Form           Tmut/Pois      ###.......   30%         3    ###....
d - Blade Hands           Tmut           ####......   61%         5    ######.


Dungeon Overview and Level Annotations

Branches:
Dungeon (8/15)             Temple (0/1) D:5            Lair (1/6) D:8

Altars:
Cheibriados
Gozag
Makhleb
Ru
Trog
Wu Jian

Shops:
D:5 }   D:6 (


Innate Abilities, Weirdness & Mutations

You can breathe blasts of fire.
Your fiery red scales are hard. (AC +7)
You cannot fit into any form of body armour.
Your flesh is heat resistant. (rF+)
You are cold-blooded and may be slowed by cold attacks.


Message History

Here: a spiny frog (hasn't noticed you)
The floor.
Your transformation has ended.
Your +1 pair of gloves unmelds from your body.
Your +0 pair of boots unmelds from your body.
The spiny frog gives a loud, deep croak!
Casting: Spider Form
Confirm with . or Enter, or press ? or * to list all spells.
Your hands turn into razor-sharp scythe blades.
Your +1 pair of gloves melds into your body.
The spiny frog stings you! The spiny frog stings you!!
You hit the spiny frog but do no damage.
Your tail-slap misses the spiny frog.
The spiny frog stings you!
* * * LOW HITPOINT WARNING * * *
You are poisoned.
The spiny frog poisons you!
You slice the spiny frog!!
The spiny frog is heavily wounded.
You feel sick. The spiny frog stings you!!
You die...

#............# ##.
#...........## ###.#
#...........# ##P..##
##.........####.....##
###.......###......[##
####.P..##.........#
###.............#
##..F...........#
#....@........#......
#...#..........## ....#
#....##......#.#......##
.......#.....##..... .#
...#....#..........# #
#P.###...P.)......##
##..........##
###.......## ###....##


You could see a spiny frog.

Vanquished Creatures
  Pikel (D:7)
  A komodo dragon (D:8)
  A hippogriff (Lair:1)
  A wyvern (D:8)
  A basilisk (Lair:1)
  A water moccasin (D:7)
  2 slaves (D:7)
  2 phantoms
  2 sky beasts
  An ice beast (D:6)
  A black bear (D:6)
  A necrophage (D:7)
  4 ogres
  3 centaurs
  3 bullfrogs
  3 killer bees (D:8)
  2 crimson imps (D:5)
  2 centaur skeletons
  3 hounds
  2 jellies
  An orc priest (D:5)
  A bullfrog skeleton (D:4)
  Jessica (D:2)
  2 orc wizards
  7 worker ants
  A hound zombie (D:7)
  A hound skeleton (D:6)
  Robin (D:3)
  3 adders
  3 gnolls (D:5)
  2 shadow imps
  An ooze (D:2)
  An adder skeleton (D:4)
  A worm (D:2)
  A dart slug (D:1)
  5 leopard geckos
  26 orcs
  3 giant cockroaches
  12 goblins
  8 hobgoblins
  6 jackals
  4 quokkas
  4 ball pythons
  8 bats
  4 frilled lizards
  A jackal zombie (D:6)
  4 kobolds
  A quokka skeleton (D:4)
  10 rats
160 creatures vanquished.

Vanquished Creatures (collateral kills)
  An adder (D:3)
  2 goblins (D:3)
  A frilled lizard (Sewer)
4 creatures vanquished.

Vanquished Creatures (others)
  A bullfrog (D:7)
  2 plants (D:8)
3 creatures vanquished.

Grand Total: 167 creatures vanquished

Notes
Turn   | Place    | Note
-------+----------+-------------------------------------------
     0 | D:1      | Brecoman the Draconian Transmuter began the quest for the Orb.
     0 | D:1      | Reached XP level 1. HP: 16/16 MP: 3/3
   318 | D:1      | Reached XP level 2. HP: 23/23 MP: 5/5
  1055 | D:2      | Found a faded altar of an unknown god.
  1105 | D:2      | Found a bloodstained altar of Trog.
  1153 | D:2      | Noticed Jessica
  1173 | D:2      | Killed Jessica
  1173 | D:2      | Reached XP level 3. HP: 21/28 MP: 4/6
  1367 | D:1      | Reached XP level 4. HP: 5/35 MP: 7/7
  1967 | D:2      | Learned a level 2 spell: Sticks to Snakes
  2028 | D:2      | Found a burning altar of Makhleb.
  2085 | D:2      | Noticed a blizzard demon
  2089 | D:2      | Noticed a hellwing
  2089 | D:2      | Noticed a smoke demon
  2091 | D:2      | Became a worshipper of Makhleb the Destroyer
  2182 | D:3      | Learned a level 4 spell: Ice Form
  2258 | D:3      | Reached skill level 4 in Unarmed Combat
  2514 | D:3      | Noticed Robin
  2531 | D:3      | Reached XP level 5. HP: 27/40 MP: 4/9
  2541 | D:3      | Reached * piety under Makhleb
  2560 | D:3      | Killed Robin
  2728 | D:3      | Found a glowing drain.
  2732 | Sewer    | Entered a sewer
  2823 | Sewer    | Noticed Purgy
  4526 | D:4      | Reached XP level 6. HP: 48/48 MP: 8/10
  4665 | D:4      | Reached skill level 1 in Ice Magic
  4844 | D:4      | Reached skill level 5 in Unarmed Combat
  4989 | D:4      | Your scales start taking on a fiery red colour.
  4989 | D:4      | Reached XP level 7. HP: 35/56 MP: 10/12
  4989 | D:4      | Gained mutation: Your flesh is heat resistant. (rF+) [Red Draconian growth]
  4995 | D:4      | Learned a level 3 spell: Spider Form
  5001 | D:4      | Learned a level 5 spell: Blade Hands
  5092 | D:5      | Entered Level 5 of the Dungeon
  5182 | D:5      | Reached ** piety under Makhleb
  5194 | D:5      | Found a sacrificial altar of Ru.
  5356 | D:5      | Reached skill level 1 in Poison Magic
  5400 | D:5      | Found a staircase to the Ecumenical Temple.
  5419 | D:5      | Found Fecaschof's Gadget Shop.
  5832 | D:5      | Reached skill level 5 in Transmutations
  5835 | D:5      | Reached XP level 8. HP: 49/63 MP: 4/13
  5839 | D:5      | Reached skill level 6 in Unarmed Combat
  6405 | D:6      | Found Lyguts's Antique Weapon Boutique.
  6625 | D:6      | Found an opulent altar of Gozag.
  7406 | D:7      | Noticed Pikel
  7439 | D:7      | Killed Pikel
  7439 | D:7      | Reached skill level 7 in Unarmed Combat
  7439 | D:7      | Reached XP level 9. HP: 49/73 MP: 8/15
  7594 | D:7      | Reached skill level 5 in Fighting
  7601 | D:7      | Reached *** piety under Makhleb
  7711 | D:7      | Found a snail-covered altar of Cheibriados.
  8438 | D:8      | Found an ornate altar of the Wu Jian Council.
  8603 | D:8      | Found a bloodstained altar of Trog.
  8613 | D:8      | Reached skill level 5 in Spellcasting
  8674 | D:8      | Noticed a komodo dragon
  8679 | D:8      | Found a staircase to the Lair.
  8715 | D:8      | Killed a komodo dragon
  8715 | D:8      | Reached skill level 8 in Unarmed Combat
  8900 | Lair:1   | Entered Level 1 of the Lair of Beasts
  8971 | Lair:1   | Noticed a spiny frog
  8981 | Lair:1   | Slain by a spiny frog

Skill      XL: |  1  2  3  4  5  6  7  8  9 |
---------------+----------------------------+-----
Dodging        | 2 |  2.2
Unarmed Combat | 4 5 7 8 |  8.3
Transmutations | 3 4 5 6 7 |  7.7
Fighting       | 2 3 4 5 |  5.7
Spellcasting   | 3 4 5 |  5.3
Ice Magic      | 1 |  1.2
Poison Magic   | 1 3 4 |  4.3
Stealth        | |  0.5

Action                   |  1- 3 |  4- 6 |  7- 9 || total
-------------------------+-------+-------+-------++-------
Melee: Unarmed           |    96 |   235 |   294 ||   625
       Tailslap          |    10 |    21 |     5 ||    36
       Kick              |     1 |    11 |       ||    12
       Headbutt          |    11 |    23 |     7 ||    41
       Punch             |     1 |     5 |     3 ||     9
Throw: Tomahawk          |       |       |     2 ||     2
 Cast: Beastly Appendage |    18 |    33 |     6 ||    57
       Sticks to Snakes  |       |    13 |     1 ||    14
       Spider Form       |       |       |    28 ||    28
       Blade Hands       |       |       |     2 ||     2
 Abil: Evoke Flight      |       |       |     1 ||     1
       End Transformatio |       |       |     1 ||     1
  Use: Scroll            |     7 |     8 |     9 ||    24
       Potion            |       |       |     1 ||     1
 Stab: Distracted        |       |     2 |       ||     2
  Eat: Chunk             |     2 |     8 |     5 ||    15
       Ration            |       |     1 |     4 ||     5
Armor: Skin              |    47 |    98 |    33 ||   178
Dodge: Dodged            |    99 |   167 |   270 ||   536
